3136 views
Uploaded 2020-02-08 13:17:59
Game version 1.32 / 1.32.1
26:05 long 4on4 ladder game on (8)BanewoodBog_LV
Saved by byung
3136 views
Uploaded 2020-02-08 13:17:59
Game version 1.32 / 1.32.1
26:05 long 4on4 ladder game on (8)BanewoodBog_LV

140 units @ 20.7k
/ 3k
76 buildings @ 12.1k
/ 5.3k


| Rod of Necromancy | 1 | 150 |
| Potion of Mana | 2 | 400 |
| Orb of Corruption | 1 | 375 |
| Potion of Healing | 1 | 150 |
| Scroll of Town Portal | 8 | 2800 |
| Scroll of Healing | 2 | 500 |
| Staff of Preservation | 1 | 150 |
| Anti-magic Potion | 1 | 100 |
| total: | 17 | 4625g |
| Acolyte | 9 | 675 | / | 0 |
| Ghoul | 4 | 480 | / | 0 |
| Crypt Fiend | 16 | 3440 | / | 640 |
| Frost Wyrm | 6 | 2310 | / | 720 |
| Necromancer | 6 | 870 | / | 120 |
| Banshee | 6 | 930 | / | 180 |
| Meat Wagon | 5 | 1150 | / | 250 |
| Obsidian Statue | 2 | 400 | / | 70 |
| Wisp | 15 | 900 | / | 0 |
| Chimaera | 6 | 1980 | / | 420 |
| total: | 75 | 13135g | / | 2400w |
| Nerubian Tower | 5 | 500 | / | 100 |
| Spirit Tower | 2 | 290 | / | 80 |
| Graveyard | 2 | 430 | / | 0 |
| Crypt | 1 | 200 | / | 50 |
| Altar of Darkness | 1 | 180 | / | 50 |
| Ziggurat | 12 | 1800 | / | 600 |
| Tomb of Relics | 5 | 650 | / | 150 |
| Necropolis | 1 | 225 | / | 0 |
| Sacrificial Pit | 1 | 75 | / | 150 |
| Slaughterhouse | 1 | 140 | / | 135 |
| Temple of the Damned | 2 | 310 | / | 280 |
| Boneyard | 2 | 350 | / | 400 |
| Halls of the Dead | 1 | 320 | / | 210 |
| Black Citadel | 2 | 650 | / | 460 |
| Moon Well | 3 | 540 | / | 120 |
| Tree of Life | 2 | 680 | / | 370 |
| Chimaera Roost | 2 | 280 | / | 380 |
| total: | 35 | 5860g | / | 2685w |
| 0:04 | Acolyte |
| 0:05 | Acolyte |
| 0:19 | Graveyard |
| 0:24 | Crypt |
| 0:53 | Altar of Darkness |
| 0:58 | Ziggurat |
| 1:27 | Tomb of Relics |
| 1:28 | Ghoul |
| 1:45 | Crypt Fiend |
| 1:45 | Crypt Fiend |
| 2:01 | Ziggurat |
| 2:22 | Crypt Fiend |
| 2:22 | Crypt Fiend |
| 2:32 | Nerubian Tower |
| 2:54 | Crypt Fiend |
| 2:55 | Crypt Fiend |
| 3:10 | Rod of Necromancy |
| 3:12 | Death Coil |
| 3:32 | Crypt Fiend |
| 4:02 | Halls of the Dead |
| 4:21 | Crypt Fiend |
| 4:21 | Crypt Fiend |
| 4:31 | Unholy Aura |
| 4:36 | Ziggurat |
| 5:38 | Crypt Fiend |
| 5:39 | Ziggurat |
| 6:16 | Ghoul |
| 6:16 | Ghoul |
| 6:17 | Ghoul |
| 6:28 | Death Coil |
| 6:30 | Acolyte |
| 7:20 | Sacrificial Pit |
| 7:37 | Black Citadel |
| 8:05 | Necropolis |
| 8:20 | Death Pact |
| 8:52 | Burrow |
| 8:52 | Web |
| 9:28 | Slaughterhouse |
| 9:30 | Temple of the Damned |
| 9:39 | Nerubian Tower |
| 9:44 | Ziggurat |
| 9:45 | Ziggurat |
| 9:48 | Ziggurat |
| 9:53 | Tomb of Relics |
| 10:03 | Spiked Carapace |
| 10:21 | Boneyard |
| 10:22 | Boneyard |
| 10:25 | Creature Attack |
| 10:25 | Creature Carapace |
| 10:27 | Acolyte |
| 10:27 | Acolyte |
| 10:27 | Acolyte |
| 10:28 | Acolyte |
| 10:28 | Acolyte |
| 10:44 | Chimaera Roost |
| 10:45 | Chimaera Roost |
| 10:54 | Strength of the Wild |
| 10:54 | Reinforced Hides |
| 11:25 | Ziggurat |
| 11:26 | Ziggurat |
| 11:28 | Tomb of Relics |
| 11:32 | Tomb of Relics |
| 12:18 | Frost Wyrm |
| 12:19 | Crypt Fiend |
| 12:23 | Necromancer |
| 12:24 | Necromancer Adept Training |
| 12:24 | Necromancer |
| 12:26 | Banshee |
| 12:27 | Banshee Adept Training |
| 12:27 | Banshee |
| 12:29 | Meat Wagon |
| 12:31 | Meat Wagon |
| 12:32 | Black Citadel |
| 12:35 | Crypt Fiend |
| 12:41 | Improved Creature Attack |
| 12:41 | Improved Creature Carapace |
| 12:53 | Wisp |
| 12:53 | Wisp |
| 12:53 | Wisp |
| 12:53 | Wisp |
| 12:53 | Wisp |
| 12:55 | Chimaera |
| 12:59 | Moon Well |
| 13:01 | Moon Well |
| 13:02 | Moon Well |
| 13:04 | Chimaera |
| 13:14 | Wisp |
| 13:14 | Wisp |
| 13:14 | Wisp |
| 13:14 | Wisp |
| 13:14 | Wisp |
| 13:18 | Crypt Fiend |
| 13:27 | Frost Wyrm |
| 13:35 | Frost Wyrm |
| 13:43 | Scroll of Town Portal |
| 13:45 | Potion of Mana |
| 13:51 | Meat Wagon |
| 14:05 | Chimaera |
| 14:20 | Improved Strength of the Wild |
| 14:21 | Advanced Strength of the Wild |
| 14:21 | Improved Reinforced Hides |
| 14:21 | Advanced Reinforced Hides |
| 14:35 | Necromancer |
| 14:36 | Banshee |
| 14:36 | Skeletal Mastery |
| 14:42 | Nerubian Tower |
| 14:43 | Spirit Tower |
| 14:59 | Scroll of Town Portal |
| 15:00 | Scroll of Healing |
| 15:53 | Tomb of Relics |
| 16:28 | Trueshot Aura |
| 16:53 | Ziggurat |
| 16:54 | Ziggurat |
| 16:55 | Ziggurat |
| 16:58 | Advanced Creature Attack |
| 16:59 | Advanced Creature Carapace |
| 17:02 | Well Spring |
| 17:15 | Scroll of Town Portal |
| 17:47 | Scroll of Town Portal |
| 17:54 | Spirit Tower |
| 18:29 | Necromancer |
| 18:29 | Banshee |
| 18:30 | Necromancer Master Training |
| 18:31 | Banshee Master Training |
| 18:35 | Spiked Carapace |
| 18:49 | Scroll of Town Portal |
| 18:50 | Potion of Mana |
| 18:50 | Scroll of Healing |
| 18:58 | Scroll of Town Portal |
| 19:00 | Orb of Corruption |
| 19:09 | Tree of Life |
| 19:10 | Tree of Life |
| 19:32 | Nerubian Tower |
| 20:08 | Spiked Carapace |
| 20:23 | Corrosive Breath |
| 20:24 | Ultravision |
| 21:12 | Searing Arrows |
| 22:05 | Wisp |
| 22:06 | Wisp |
| 22:06 | Wisp |
| 22:06 | Wisp |
| 22:06 | Wisp |
| 22:09 | Frost Wyrm |
| 22:57 | Starfall |
| 22:58 | Trueshot Aura |
| 22:59 | Searing Arrows |
| 23:09 | Chimaera |
| 23:25 | Chimaera |
| 23:27 | Chimaera |
| 23:31 | Crypt Fiend |
| 23:31 | Crypt Fiend |
| 23:32 | Frost Wyrm |
| 23:44 | Necromancer |
| 23:44 | Banshee |
| 23:47 | Temple of the Damned |
| 23:52 | Meat Wagon |
| 23:52 | Exhume Corpses |
| 23:52 | Meat Wagon |
| 23:54 | Necromancer |
| 23:54 | Banshee |
| 23:56 | Obsidian Statue |
| 23:56 | Obsidian Statue |
| 24:00 | Unholy Strength |
| 24:00 | Unholy Armor |
| 24:09 | Death Coil |
| 24:16 | Scroll of Town Portal |
| 24:17 | Staff of Preservation |
| 24:18 | Anti-magic Potion |
| 24:27 | Frost Wyrm |
| 24:31 | Crypt Fiend |
| 24:51 | Acolyte |
| 24:53 | Graveyard |
| 25:03 | Scroll of Town Portal |
| 25:04 | Potion of Healing |
| 25:39 | Carrion Beetles |
| Right click | 1190 |
| Select | 706 |
| Select group | 652 |
| Build/train/purchase | 174 |
| Assign group | 45 |
| Use ability | 28 |
| Misc. action | 11 |
| Minimap ping | 5 |
| Item give/drop | 4 |
| Chat | 4 |
| Remove unit | 3 |

| Boots of Speed | 1 | 250 |
| total: | 1 | 250g |
| Wisp | 10 | 600 | / | 0 |
| Archer | 5 | 650 | / | 50 |
| Huntress | 2 | 390 | / | 40 |
| total: | 17 | 1640g | / | 90w |
| Altar of Elders | 1 | 180 | / | 50 |
| Ancient of War | 1 | 150 | / | 60 |
| Moon Well | 3 | 540 | / | 120 |
| Ancient of Wonders | 1 | 90 | / | 30 |
| Hunter's Hall | 1 | 210 | / | 100 |
| Tree of Life | 1 | 340 | / | 185 |
| Tree of Ages | 1 | 320 | / | 180 |
| Tree of Eternity | 1 | 330 | / | 200 |
| total: | 8 | 1510g | / | 545w |
| 0:04 | Wisp |
| 0:04 | Wisp |
| 0:06 | Wisp |
| 0:19 | Altar of Elders |
| 0:28 | Wisp |
| 0:28 | Wisp |
| 0:38 | Ancient of War |
| 1:04 | Moon Well |
| 1:17 | Wisp |
| 1:17 | Wisp |
| 1:18 | Wisp |
| 2:05 | Ancient of Wonders |
| 2:11 | Archer |
| 2:12 | Archer |
| 2:19 | Wisp |
| 2:30 | Moon Well |
| 2:45 | Hunter's Hall |
| 3:00 | Trueshot Aura |
| 3:07 | Wisp |
| 3:18 | Moon Well |
| 4:10 | Archer |
| 4:13 | Huntress |
| 5:08 | Boots of Speed |
| 5:16 | Strength of the Moon |
| 5:20 | Tree of Ages |
| 5:25 | Searing Arrows |
| 5:49 | Archer |
| 5:49 | Archer |
| 5:50 | Huntress |
| 7:33 | Tree of Life |
| 7:42 | Moon Armor |
| 7:42 | Improved Strength of the Moon |
| 7:50 | Tree of Eternity |
| Right click | 342 |
| Select | 90 |
| Build/train/purchase | 26 |
| Select group | 15 |
| Assign group | 6 |
| Use ability | 6 |
| Misc. action | 2 |

| Acolyte | 11 | 825 | / | 0 |
| Crypt Fiend | 2 | 430 | / | 80 |
| Ghoul | 5 | 600 | / | 0 |
| total: | 18 | 1855g | / | 80w |
| Spirit Tower | 2 | 290 | / | 80 |
| Altar of Darkness | 1 | 180 | / | 50 |
| Ziggurat | 4 | 600 | / | 200 |
| Graveyard | 1 | 215 | / | 0 |
| Crypt | 2 | 400 | / | 100 |
| Halls of the Dead | 1 | 320 | / | 210 |
| total: | 8 | 1395g | / | 350w |
| 0:07 | Acolyte |
| 0:07 | Acolyte |
| 0:08 | Acolyte |
| 0:21 | Altar of Darkness |
| 0:25 | Ziggurat |
| 0:51 | Graveyard |
| 1:34 | Acolyte |
| 1:47 | Crypt |
| 2:36 | Carrion Beetles |
| 2:52 | Crypt Fiend |
| 2:53 | Crypt Fiend |
| 3:05 | Ziggurat |
| 3:17 | Acolyte |
| 3:18 | Acolyte |
| 3:18 | Acolyte |
| 3:18 | Acolyte |
| 3:19 | Acolyte |
| 4:05 | Acolyte |
| 4:56 | Ghoul |
| 4:56 | Ghoul |
| 5:40 | Acolyte |
| 5:54 | Crypt |
| 6:15 | Ghoul |
| 6:16 | Ghoul |
| 6:17 | Cannibalize |
| 6:41 | Halls of the Dead |
| 6:56 | Ziggurat |
| 7:04 | Ziggurat |
| 7:18 | Ghoul |
| 7:57 | Spirit Tower |
| 7:59 | Spirit Tower |
| Select | 109 |
| Right click | 100 |
| Build/train/purchase | 25 |
| Use ability | 1 |
| Remove unit | 1 |


| Scroll of Regeneration | 1 | 100 |
| Potion of Healing | 1 | 150 |
| Orb of Fire | 1 | 325 |
| total: | 3 | 575g |
| Peasant | 14 | 1050 | / | 0 |
| Footman | 2 | 270 | / | 0 |
| Rifleman | 4 | 820 | / | 120 |
| Spell Breaker | 2 | 430 | / | 60 |
| Priest | 5 | 675 | / | 50 |
| Gryphon Rider | 3 | 840 | / | 210 |
| total: | 30 | 4085g | / | 440w |
| Altar of Kings | 1 | 180 | / | 50 |
| Farm | 12 | 960 | / | 240 |
| Barracks | 1 | 160 | / | 60 |
| Blacksmith | 1 | 140 | / | 60 |
| Arcane Vault | 1 | 130 | / | 30 |
| Lumber Mill | 1 | 120 | / | 0 |
| Town Hall | 2 | 770 | / | 410 |
| Arcane Sanctum | 4 | 600 | / | 560 |
| Gryphon Aviary | 2 | 280 | / | 300 |
| Keep | 1 | 320 | / | 210 |
| Castle | 1 | 360 | / | 210 |
| total: | 25 | 3340g | / | 1710w |
| 0:03 | Peasant |
| 0:03 | Peasant |
| 0:10 | Altar of Kings |
| 0:13 | Farm |
| 0:23 | Peasant |
| 0:26 | Barracks |
| 0:40 | Peasant |
| 0:52 | Peasant |
| 1:02 | Farm |
| 1:21 | Peasant |
| 1:25 | Peasant |
| 1:29 | Footman |
| 1:38 | Footman |
| 1:56 | Peasant |
| 2:01 | Farm |
| 2:16 | Blacksmith |
| 2:20 | Holy Light |
| 2:57 | Arcane Vault |
| 4:01 | Keep |
| 4:03 | Rifleman |
| 4:23 | Rifleman |
| 4:43 | Farm |
| 5:41 | Rifleman |
| 5:43 | Black Gunpowder |
| 5:48 | Farm |
| 6:00 | Devotion Aura |
| 6:11 | Rifleman |
| 6:44 | Long Rifles |
| 6:46 | Castle |
| 6:49 | Lumber Mill |
| 6:55 | Arcane Sanctum |
| 6:57 | Arcane Sanctum |
| 7:01 | Arcane Sanctum |
| 7:09 | Arcane Sanctum |
| 7:13 | Scroll of Regeneration |
| 7:25 | Refined Gunpowder |
| 7:30 | Potion of Healing |
| 8:34 | Farm |
| 8:38 | Spell Breaker |
| 8:40 | Holy Light |
| 9:29 | Spell Breaker |
| 9:33 | Improved Lumber Harvesting |
| 9:36 | Farm |
| 9:37 | Farm |
| 10:02 | Orb of Fire |
| 10:08 | Priest Adept Training |
| 10:10 | Priest |
| 10:36 | Iron Forged Swords |
| 11:08 | Priest |
| 11:10 | Priest Master Training |
| 11:35 | Summon Water Elemental |
| 11:37 | Devotion Aura |
| 12:14 | Advanced Lumber Harvesting |
| 12:17 | Priest |
| 12:20 | Gryphon Aviary |
| 12:21 | Gryphon Aviary |
| 12:33 | Priest |
| 14:23 | Town Hall |
| 15:08 | Brilliance Aura |
| 15:53 | Gryphon Rider |
| 15:57 | Storm Hammers |
| 16:03 | Farm |
| 16:05 | Farm |
| 16:06 | Farm |
| 16:07 | Farm |
| 16:21 | Priest |
| 16:46 | Control Magic |
| 17:56 | Summon Water Elemental |
| 18:03 | Peasant |
| 18:04 | Peasant |
| 18:04 | Peasant |
| 18:05 | Peasant |
| 18:05 | Peasant |
| 18:10 | Town Hall |
| 18:16 | Gryphon Rider |
| 18:54 | Peasant |
| 19:30 | Holy Light |
| 19:36 | Gryphon Rider |
| Right click | 410 |
| Select group | 302 |
| Select | 217 |
| Misc. action | 141 |
| Build/train/purchase | 69 |
| Assign group | 31 |
| Use ability | 19 |
| Esc | 2 |
| Item give/drop | 1 |
| Remove unit | 1 |
166 units @ 27k
/ 4.5k
73 buildings @ 12k
/ 5.1k



| Healing Salve | 6 | 600 |
| Lesser Clarity Potion | 4 | 280 |
| Potion of Mana | 1 | 200 |
| Potion of Healing | 1 | 150 |
| Scroll of Town Portal | 1 | 350 |
| Potion of Lesser Invulnerability | 1 | 150 |
| total: | 14 | 1730g |
| Peon | 18 | 1350 | / | 0 |
| Grunt | 3 | 600 | / | 0 |
| Troll Headhunter | 6 | 840 | / | 120 |
| Tauren | 6 | 1680 | / | 480 |
| Shaman | 10 | 1300 | / | 200 |
| Spirit Walker | 2 | 390 | / | 70 |
| Troll Berserker | 9 | 1260 | / | 180 |
| Troll Batrider | 7 | 1120 | / | 280 |
| Murloc Flesheater | 2 | 280 | / | 0 |
| Sludge Flinger | 2 | 510 | / | 60 |
| Satyr Soulstealer | 2 | 640 | / | 100 |
| total: | 67 | 9970g | / | 1490w |
| Watch Tower | 9 | 990 | / | 720 |
| Orc Burrow | 9 | 1440 | / | 360 |
| Altar of Storms | 1 | 180 | / | 50 |
| Barracks | 1 | 180 | / | 50 |
| Voodoo Lounge | 2 | 260 | / | 60 |
| War Mill | 1 | 205 | / | 0 |
| Great Hall | 2 | 770 | / | 370 |
| Tauren Totem | 1 | 135 | / | 155 |
| Spirit Lodge | 1 | 150 | / | 150 |
| Beastiary | 2 | 290 | / | 280 |
| Stronghold | 1 | 315 | / | 190 |
| Fortress | 1 | 325 | / | 190 |
| total: | 29 | 4600g | / | 2195w |
| 0:04 | Peon |
| 0:04 | Peon |
| 0:07 | Orc Burrow |
| 0:09 | Peon |
| 0:22 | Altar of Storms |
| 0:31 | Peon |
| 0:49 | Peon |
| 0:56 | Barracks |
| 1:13 | Peon |
| 1:33 | Orc Burrow |
| 1:36 | Peon |
| 1:45 | Voodoo Lounge |
| 1:59 | Grunt |
| 2:26 | Grunt |
| 2:27 | Endurance Aura |
| 3:02 | War Mill |
| 3:04 | Grunt |
| 3:32 | Healing Salve |
| 3:47 | Stronghold |
| 4:53 | Steel Armor |
| 4:57 | Orc Burrow |
| 4:59 | Steel Melee Weapons |
| 5:07 | War Stomp |
| 5:21 | Watch Tower |
| 5:28 | Troll Headhunter |
| 5:28 | Troll Headhunter |
| 6:19 | Great Hall |
| 6:28 | Healing Salve |
| 6:28 | Lesser Clarity Potion |
| 6:36 | Healing Salve |
| 6:37 | Lesser Clarity Potion |
| 6:46 | Watch Tower |
| 7:02 | Fortress |
| 7:06 | Tauren Totem |
| 8:05 | Spirit Lodge |
| 8:16 | Endurance Aura |
| 8:33 | Potion of Lesser Invulnerability |
| 9:07 | Murloc Flesheater |
| 9:08 | Sludge Flinger |
| 9:08 | Satyr Soulstealer |
| 9:08 | Satyr Soulstealer |
| 9:36 | Peon |
| 9:36 | Peon |
| 9:36 | Peon |
| 9:40 | Peon |
| 9:41 | Peon |
| 9:45 | Orc Burrow |
| 9:50 | Tauren |
| 9:54 | Shaman Adept Training |
| 10:19 | War Stomp |
| 10:56 | Orc Burrow |
| 11:03 | Shaman Master Training |
| 11:03 | Shaman |
| 11:03 | Shaman |
| 11:04 | Shaman |
| 11:23 | Healing Salve |
| 11:33 | Healing Salve |
| 12:32 | Orc Burrow |
| 12:33 | Peon |
| 12:38 | Shaman |
| 12:40 | Tauren |
| 12:40 | Tauren |
| 12:43 | Murloc Flesheater |
| 12:44 | Sludge Flinger |
| 13:02 | Thorium Armor |
| 13:06 | Peon |
| 13:07 | Peon |
| 14:00 | Healing Wave |
| 14:17 | Endurance Aura |
| 16:43 | Tauren |
| 16:44 | Spirit Walker |
| 16:47 | Thorium Melee Weapons |
| 16:48 | Shaman |
| 16:48 | Shaman |
| 18:08 | Berserker Upgrade |
| 18:08 | Troll Headhunter |
| 18:08 | Troll Headhunter |
| 18:08 | Troll Headhunter |
| 18:08 | Troll Headhunter |
| 18:15 | Healing Salve |
| 18:18 | Scroll of Town Portal |
| 18:18 | Lesser Clarity Potion |
| 18:28 | Hex |
| 18:40 | Lesser Clarity Potion |
| 18:41 | Potion of Mana |
| 18:45 | Potion of Healing |
| 18:50 | Tauren |
| 18:50 | Spirit Walker |
| 18:59 | Tauren |
| 19:06 | Watch Tower |
| 19:08 | Watch Tower |
| 19:15 | Reinforced Defenses |
| 19:15 | Steel Ranged Weapons |
| 19:19 | Arcanite Armor |
| 19:23 | Watch Tower |
| 19:25 | Watch Tower |
| 19:56 | Beastiary |
| 19:58 | Beastiary |
| 20:05 | Peon |
| 20:05 | Peon |
| 20:05 | Peon |
| 20:14 | Orc Burrow |
| 20:16 | Orc Burrow |
| 21:12 | Critical Strike |
| 21:25 | Troll Berserker |
| 21:25 | Troll Berserker |
| 21:25 | Troll Berserker |
| 22:16 | Troll Berserker |
| 22:16 | Troll Berserker |
| 22:16 | Troll Berserker |
| 22:19 | Shaman |
| 22:19 | Shaman |
| 22:32 | Voodoo Lounge |
| 22:52 | Great Hall |
| 23:00 | Watch Tower |
| 23:02 | Watch Tower |
| 23:17 | Watch Tower |
| 23:21 | Troll Berserker |
| 23:21 | Troll Berserker |
| 23:21 | Troll Berserker |
| 23:24 | Shaman |
| 23:24 | Shaman |
| 23:46 | Troll Batrider |
| 23:46 | Troll Batrider |
| 23:46 | Troll Batrider |
| 23:47 | Troll Batrider |
| 23:47 | Troll Batrider |
| 23:47 | Troll Batrider |
| 23:47 | Troll Batrider |
| 23:56 | Orc Burrow |
| 25:58 | Reincarnation |
| Right click | 513 |
| Select | 253 |
| Build/train/purchase | 143 |
| Use ability | 32 |
| Misc. action | 24 |
| Minimap ping | 10 |
| Item give/drop | 3 |
| Remove unit | 1 |


| Rod of Necromancy | 2 | 300 |
| Potion of Healing | 2 | 300 |
| Potion of Mana | 1 | 200 |
| Orb of Corruption | 1 | 375 |
| Scroll of Town Portal | 3 | 1050 |
| total: | 9 | 2225g |
| Acolyte | 9 | 675 | / | 0 |
| Ghoul | 3 | 360 | / | 0 |
| Crypt Fiend | 4 | 860 | / | 160 |
| Frost Wyrm | 7 | 2695 | / | 840 |
| total: | 23 | 4590g | / | 1000w |
| Crypt | 1 | 200 | / | 50 |
| Graveyard | 2 | 430 | / | 0 |
| Altar of Darkness | 1 | 180 | / | 50 |
| Ziggurat | 6 | 900 | / | 300 |
| Tomb of Relics | 1 | 130 | / | 30 |
| Necropolis | 2 | 450 | / | 0 |
| Sacrificial Pit | 1 | 75 | / | 150 |
| Boneyard | 3 | 525 | / | 600 |
| Halls of the Dead | 2 | 640 | / | 420 |
| Black Citadel | 1 | 325 | / | 230 |
| total: | 17 | 2890g | / | 1180w |
| 0:03 | Acolyte |
| 0:10 | Crypt |
| 0:14 | Graveyard |
| 0:19 | Acolyte |
| 0:41 | Altar of Darkness |
| 0:58 | Ziggurat |
| 1:11 | Ghoul |
| 1:25 | Tomb of Relics |
| 1:49 | Crypt Fiend |
| 2:03 | Ziggurat |
| 2:23 | Crypt Fiend |
| 2:46 | Rod of Necromancy |
| 2:50 | Death Coil |
| 3:04 | Crypt Fiend |
| 3:30 | Acolyte |
| 3:58 | Ghoul |
| 4:27 | Unholy Aura |
| 4:42 | Ghoul |
| 4:47 | Halls of the Dead |
| 5:08 | Necropolis |
| 5:27 | Ziggurat |
| 6:03 | Rod of Necromancy |
| 6:25 | Ziggurat |
| 6:43 | Acolyte |
| 6:44 | Acolyte |
| 6:44 | Acolyte |
| 6:45 | Acolyte |
| 6:58 | Crypt Fiend |
| 7:06 | Death Coil |
| 7:43 | Black Citadel |
| 7:56 | Web |
| 8:18 | Frost Nova |
| 8:21 | Potion of Healing |
| 8:23 | Potion of Mana |
| 8:35 | Ziggurat |
| 8:43 | Sacrificial Pit |
| 8:52 | Graveyard |
| 9:44 | Creature Attack |
| 10:08 | Boneyard |
| 10:13 | Boneyard |
| 10:16 | Boneyard |
| 11:05 | Improved Creature Attack |
| 11:23 | Potion of Healing |
| 11:25 | Orb of Corruption |
| 11:29 | Frost Wyrm |
| 11:52 | Scroll of Town Portal |
| 12:12 | Unholy Aura |
| 12:28 | Frost Armor |
| 12:37 | Frost Wyrm |
| 13:15 | Creature Carapace |
| 13:52 | Ziggurat |
| 14:22 | Frost Nova |
| 14:33 | Improved Creature Carapace |
| 14:52 | Freezing Breath |
| 16:02 | Advanced Creature Attack |
| 16:03 | Frost Wyrm |
| 17:37 | Scroll of Town Portal |
| 18:28 | Advanced Creature Carapace |
| 19:07 | Death Coil |
| 20:41 | Frost Wyrm |
| 20:58 | Frost Armor |
| 21:30 | Frost Wyrm |
| 21:44 | Frost Nova |
| 21:51 | Unholy Aura |
| 21:57 | Frost Wyrm |
| 22:55 | Frost Wyrm |
| 23:48 | Acolyte |
| 23:52 | Acolyte |
| 24:28 | Necropolis |
| 24:37 | Scroll of Town Portal |
| 25:24 | Death and Decay |
| 25:57 | Animate Dead |
| Right click | 1995 |
| Select group | 1790 |
| Select | 789 |
| Chat | 222 |
| Misc. action | 111 |
| Build/train/purchase | 83 |
| Assign group | 35 |
| Use ability | 35 |
| Minimap ping | 3 |
| Item give/drop | 2 |

| Rod of Necromancy | 1 | 150 |
| total: | 1 | 150g |
| Acolyte | 14 | 1050 | / | 0 |
| Ghoul | 6 | 720 | / | 0 |
| Crypt Fiend | 12 | 2580 | / | 480 |
| Gargoyle | 14 | 2450 | / | 420 |
| Abomination | 6 | 1440 | / | 420 |
| Obsidian Statue | 1 | 200 | / | 35 |
| Frost Wyrm | 5 | 1925 | / | 600 |
| total: | 58 | 10365g | / | 1955w |
| Nerubian Tower | 1 | 100 | / | 20 |
| Spirit Tower | 1 | 145 | / | 40 |
| Altar of Darkness | 1 | 180 | / | 50 |
| Ziggurat | 10 | 1500 | / | 500 |
| Crypt | 1 | 200 | / | 50 |
| Graveyard | 1 | 215 | / | 0 |
| Tomb of Relics | 1 | 130 | / | 30 |
| Slaughterhouse | 1 | 140 | / | 135 |
| Sacrificial Pit | 1 | 75 | / | 150 |
| Boneyard | 1 | 175 | / | 200 |
| Halls of the Dead | 1 | 320 | / | 210 |
| Black Citadel | 1 | 325 | / | 230 |
| total: | 17 | 2615g | / | 1115w |
| 0:11 | Altar of Darkness |
| 0:16 | Ziggurat |
| 0:18 | Crypt |
| 0:36 | Acolyte |
| 0:57 | Ziggurat |
| 1:42 | Graveyard |
| 1:49 | Ghoul |
| 2:39 | Carrion Swarm |
| 2:41 | Ghoul |
| 3:11 | Crypt Fiend |
| 3:11 | Crypt Fiend |
| 3:12 | Crypt Fiend |
| 3:15 | Creature Attack |
| 4:09 | Ghoul |
| 4:12 | Crypt Fiend |
| 4:12 | Crypt Fiend |
| 4:12 | Crypt Fiend |
| 4:33 | Ziggurat |
| 5:34 | Halls of the Dead |
| 5:37 | Crypt Fiend |
| 5:37 | Crypt Fiend |
| 5:38 | Crypt Fiend |
| 6:24 | Vampiric Aura |
| 6:49 | Creature Carapace |
| 6:52 | Crypt Fiend |
| 6:53 | Crypt Fiend |
| 6:53 | Crypt Fiend |
| 8:18 | Gargoyle |
| 8:18 | Gargoyle |
| 8:18 | Gargoyle |
| 8:19 | Gargoyle |
| 8:23 | Acolyte |
| 8:23 | Acolyte |
| 9:02 | Ziggurat |
| 9:04 | Ziggurat |
| 9:14 | Ziggurat |
| 10:05 | Carrion Swarm |
| 10:37 | Gargoyle |
| 10:38 | Gargoyle |
| 10:38 | Gargoyle |
| 10:38 | Gargoyle |
| 11:28 | Acolyte |
| 12:41 | Slaughterhouse |
| 12:43 | Black Citadel |
| 13:27 | Ziggurat |
| 13:33 | Gargoyle |
| 13:33 | Gargoyle |
| 14:10 | Ziggurat |
| 15:16 | Acolyte |
| 15:16 | Acolyte |
| 15:17 | Acolyte |
| 15:17 | Acolyte |
| 15:18 | Acolyte |
| 15:24 | Tomb of Relics |
| 15:26 | Ziggurat |
| 15:29 | Ziggurat |
| 16:36 | Abomination |
| 16:36 | Abomination |
| 16:36 | Abomination |
| 16:36 | Abomination |
| 16:37 | Abomination |
| 16:37 | Abomination |
| 16:56 | Sacrificial Pit |
| 17:55 | Vampiric Aura |
| 18:44 | Obsidian Statue |
| 18:54 | Stone Form |
| 18:55 | Gargoyle |
| 18:55 | Gargoyle |
| 18:55 | Gargoyle |
| 18:55 | Gargoyle |
| 19:54 | Disease Cloud |
| 20:19 | Rod of Necromancy |
| 21:41 | Boneyard |
| 23:07 | Freezing Breath |
| 23:19 | Ghoul |
| 23:19 | Ghoul |
| 23:20 | Ghoul |
| 23:26 | Acolyte |
| 23:26 | Acolyte |
| 23:26 | Acolyte |
| 23:27 | Acolyte |
| 23:28 | Acolyte |
| 23:53 | Nerubian Tower |
| 23:55 | Spirit Tower |
| 24:09 | Frost Wyrm |
| 24:09 | Frost Wyrm |
| 24:09 | Frost Wyrm |
| 24:15 | Frost Wyrm |
| 25:21 | Frost Wyrm |
| 25:53 | Carrion Swarm |
| Right click | 449 |
| Select | 192 |
| Build/train/purchase | 77 |
| Chat | 51 |
| Use ability | 13 |
| Misc. action | 1 |
| Item give/drop | 1 |
| Remove unit | 1 |

| Peon | 11 | 825 | / | 0 |
| Grunt | 4 | 800 | / | 0 |
| Troll Headhunter | 3 | 420 | / | 60 |
| total: | 18 | 2045g | / | 60w |
| Watch Tower | 1 | 110 | / | 80 |
| Barracks | 2 | 360 | / | 100 |
| Altar of Storms | 1 | 180 | / | 50 |
| Orc Burrow | 4 | 640 | / | 160 |
| War Mill | 1 | 205 | / | 0 |
| Great Hall | 1 | 385 | / | 185 |
| Stronghold | 2 | 630 | / | 380 |
| total: | 10 | 1880g | / | 575w |
| 0:05 | Barracks |
| 0:09 | Altar of Storms |
| 0:13 | Orc Burrow |
| 0:21 | Peon |
| 0:37 | Peon |
| 0:53 | Peon |
| 1:17 | Grunt |
| 1:26 | Peon |
| 1:42 | Peon |
| 1:45 | Grunt |
| 2:06 | Orc Burrow |
| 2:18 | Wind Walk |
| 2:41 | Orc Burrow |
| 3:02 | Grunt |
| 3:06 | Peon |
| 3:06 | Peon |
| 3:57 | Barracks |
| 3:59 | Stronghold |
| 4:01 | Peon |
| 4:02 | Peon |
| 4:04 | War Mill |
| 4:14 | Grunt |
| 4:50 | Stronghold |
| 5:38 | Watch Tower |
| 5:50 | Troll Headhunter |
| 5:50 | Troll Headhunter |
| 5:51 | Troll Headhunter |
| 5:55 | Spiked Barricades |
| 6:48 | Orc Burrow |
| 6:50 | Mirror Image |
| 7:05 | Great Hall |
| 7:11 | Improved Spiked Barricades |
| 7:12 | Steel Ranged Weapons |
| 7:13 | Troll Regeneration |
| 7:19 | Peon |
| 7:20 | Peon |
| Right click | 169 |
| Select | 122 |
| Build/train/purchase | 34 |
| Select group | 30 |
| Assign group | 8 |
| Remove unit | 3 |
| Use ability | 2 |
⇛